 Dungeon Crawl Stone Soup version 0.28-a0-247-gb8bfbab023 (webtiles) character file.

Game seed: 17275741278783849306

264 tilp the Conjurer (level 5, 22/22 HPs)
             Began as a Felid Hedge Wizard on Aug 25, 2021.
             Quit the game on level 4 of the Dungeon.
             The game lasted 00:08:40 (8094 turns).

tilp the Conjurer (Felid Hedge Wizard)              Turns: 8094, Time: 00:08:41

Health: 22/22      AC:  2    Str:  6    XL:     5   Next: 98%
Magic:  11/11      EV: 18    Int: 17    God:
Gold:   93         SH:  0    Dex: 16    Spells: 5/10 levels left
                                        Lives:  0   Deaths: 1

rFire   . . .      SeeInvis +     - Unarmed
rCold   . . .      Faith    .   (shield unavailable)
rNeg    . . .      Spirit   .   (armour unavailable)
rPois   .          Reflect  .   (helmet unavailable)
rElec   .          Harm     .   (cloak unavailable)
rCorr   .          Rampage  .   (gloves unavailable)
Will    .....                   (boots unavailable)
Stlth   +++.......              (no amulet)
HPRegen 0.07/turn               (no ring)
MPRegen 0.12/turn               (no ring)

@: quick
A: very small, claws 1, fangs 3, see invisible, speed 1, shaggy fur 2, stealthy
paws, no weapons or thrown items, no armour, multi-lived
a: no special abilities


You were on level 4 of the Dungeon.
You visited 1 branch of the dungeon, and saw 4 of its levels.

You collected 177 gold pieces.
You spent 84 gold pieces at shops.

Inventory:

Jewellery
 g - a ring of ice
Wands
 f - a wand of digging (3)
Scrolls
 h - a scroll of amnesia
Potions
 a - a potion of might {unknown}
 b - 2 potions of curing
 c - 2 potions of cancellation {unknown}
 d - 2 potions of brilliance {unknown}
 e - a potion of invisibility {unknown}


   Skills:
 - Level 2.0 Fighting
 - Level 4.0 Dodging
 - Level 4.0 Stealth
 - Level 2.0 Unarmed Combat
 + Level 3.4 Spellcasting
 + Level 4.3 Conjurations
 - Level 2.0 Summonings
 + Level 3.0 Translocations


You had 5 spell levels left.
You knew the following spells:

 Your Spells              Type           Power      Damage    Failure   Level
a - Magic Dart            Conj           68%        1d6       2%          1
b - Call Imp              Summ           9%         N/A       11%         2
c - Blink                 Tloc           N/A        N/A       8%          2

Your spell library contained the following spells:

 Spells                   Type           Power      Damage    Failure   Level
 Conjure Flame            Conj/Fire      10%        6-21      21%         3
 Slow                     Hex            2%         N/A       26%         2
 Mephitic Cloud           Conj/Pois/Air  7%         N/A       28%         3


Dungeon Overview and Level Annotations

Branches:
Dungeon (4/15)
 Temple: D:4-7

Altars:
Cheibriados
Elyvilon
Zin
The Shining One

Shops:
D:3 *


Innate Abilities, Weirdness & Mutations

You have sharp claws.
You have razor-sharp teeth.
You have supernaturally acute eyesight. (SInv)
You cover ground quickly. (Speed+)
You are covered in thick fur. (AC +2)
Your paws help you pounce on unaware monsters.
You are incapable of wielding weapons or throwing items.
You cannot wear armour.
You gain extra lives every three experience levels.


Message History

Aiming: Magic Dart (safe; 2% risk of failure)
Press: ? - help, Shift-Dir - straight line, f/p - orc
Aim: an orc, wielding a +0 club, wearing a +0 chain mail and quivering boomerangs (100% to hit)
The magic dart hits the orc.
The orc is heavily wounded.
Unknown command.
Casting: Magic Dart (safe; 2% risk of failure)
Confirm with . or Enter, or press ? or * to list all spells.
Aiming: Magic Dart (safe; 2% risk of failure)
Press: ? - help, Shift-Dir - straight line, f/p - orc
Aim: an orc, wielding a +0 club, wearing a +0 chain mail and quivering boomerangs (heavily wounded, 100% to hit)
The magic dart hits the orc.
The orc is almost dead.
The orc throws a boomerang.
The boomerang hits you.
Casting: Magic Dart (safe; 2% risk of failure)
Confirm with . or Enter, or press ? or * to list all spells.
Aiming: Magic Dart (safe; 2% risk of failure)
Press: ? - help, Shift-Dir - straight line, f/p - orc
Aim: an orc, wielding a +0 club, wearing a +0 chain mail and quivering boomerangs (almost dead, 100% to hit)
The magic dart hits the orc but does no damage.
The orc is almost dead.
The orc throws a boomerang.
The boomerang hits you.
Casting: Magic Dart (safe; 2% risk of failure)
Confirm with . or Enter, or press ? or * to list all spells.
Aiming: Magic Dart (safe; 2% risk of failure)
Press: ? - help, Shift-Dir - straight line, f/p - orc
Aim: an orc, wielding a +0 club, wearing a +0 chain mail and quivering boomerangs (almost dead, 100% to hit)
The magic dart hits the orc but does no damage.
The orc is almost dead.
The orc throws a boomerang.
The boomerang barely misses you.
The orc priest mumbles some strange prayers to Beogh against you.
Beogh smites you!
Ouch! That really hurt!
You die...
You are now level 5!
You rejoin the land of the living...
Unknown command.
Unknown command.
Unknown command.
Are you sure you want to abandon this character and quit the game? (Confirm with "yes".)

.......................##.......#
....#.##..........#...###...(..##
....#.##..........##...##.#......
....#.....#......##......#.#.....
.................##..........#...
.............................##..
....##......................###..
....###.....................# ###
................@.).........# #
#...........................### #
#....#...........[##...##.....###
...............^..###........###.
..................#........).<#.)
...[...................#.#.#.....
..(..#...............#######....#
....................#######.....#
...........#......#.###.#.)....)#


There were no monsters in sight!

Vanquished Creatures
  A phantom (D:4)
  A hound (D:4)
  2 orc priests (D:4)
  An iguana (D:4)
  2 adders
  8 gnolls
  3 dart slugs
  8 orcs
  7 endoplasms
  4 giant cockroaches
  6 goblins
  7 hobgoblins
  10 jackals (D:1)
  5 quokkas
  6 ball pythons
  9 bats
  2 frilled lizards
  8 kobolds
  3 rats
93 creatures vanquished.

Vanquished Creatures (collateral kills)
  2 ogres (D:4)
  A hound (D:4)
3 creatures vanquished.

Grand Total: 96 creatures vanquished

Notes
Turn   | Place    | Note
-------+----------+-------------------------------------------
     0 | D:1      | tilp the Felid Hedge Wizard began the quest for the Orb.
     0 | D:1      | Reached XP level 1. HP: 7/7 MP: 5/5
    36 | D:1      | Reached skill level 1 in Conjurations
   561 | D:1      | Reached XP level 2. HP: 11/11 MP: 0/7
  1291 | D:1      | Learned a level 2 spell: Call Imp
  1294 | D:1      | Learned a level 2 spell: Blink
  1622 | D:1      | Reached XP level 3. HP: 14/14 MP: 5/8
  2003 | D:1      | Found a faded altar of an unknown god.
  2824 | D:2      | Found a white marble altar of Elyvilon.
  3162 | D:2      | Reached XP level 4. HP: 18/18 MP: 4/9
  3887 | D:3      | Found a glowing golden altar of the Shining One.
  3923 | D:3      | Reached skill level 1 in Unarmed Combat
  4081 | D:3      | Found Cemiokhl Qena's Assorted Antiques.
  4089 | D:3      | Bought a viscous amethyst potion for 27 gold pieces
  4089 | D:3      | Bought a scroll labelled OSONUTZ VAWYRCH for 30 gold pieces
  4089 | D:3      | Bought a smoky red potion for 27 gold pieces
  4208 | D:3      | Found a glowing silver altar of Zin.
  4209 | D:3      | Found a snail-covered altar of Cheibriados.
  4469 | D:3      | Reached XP level 5. HP: 21/21 MP: 7/10
  4808 | D:4      | Noticed an ogre
  5116 | D:4      | Noticed a phantom
  5201 | D:4      | Killed an ogre
  5202 | D:4      | Reached skill level 1 in Fighting
  5297 | D:4      | Noticed an ogre
  5847 | D:4      | Killed an ogre
  5848 | D:4      | Gained mutation: You are covered in thick fur. (AC +2)
                  | [Felid growth]
  5848 | D:4      | Reached XP level 6. HP: 26/26 MP: 0/11
  8093 | D:4      | Killed from afar by an orc priest
  8094 | D:4      | Reached XP level 5. HP: -2/22 MP: 5/11
  8094 | D:4      | Quit the game

Illustrated notes

Levels and vault maps discovered:
D:1:      lordsloth_arrival_two_stooges, layout_basic, basic_ecumenical_altar
D:2:      layout_rooms, basic_altar
D:3:      layout_basic, general_overflow_altar, grunt_temple_overflow_open,
          serial_shops, nicolae_shop_waterfront, minivault_23
D:4:      layout_layer_cave

Skill      XL: |  1  2  3  4  5  6 |
---------------+-------------------+-----
Conjurations   | 1 2 3 4 |  4.3
Unarmed Combat | 1 2 |  2.0
Fighting       | 2 |  2.0
Dodging        | 4 |  4.0
Stealth        | 4 |  4.0
Translocations | 3 |  3.0
Summonings     | 2 |  2.0
Spellcasting   | |  3.4

Action                   |  1- 3 |  4- 6 || total
-------------------------+-------+-------++-------
Melee: Unarmed           |    19 |    13 ||    32
       Bite              |     1 |     1 ||     2
       Punch             |       |     1 ||     1
 Cast: Magic Dart        |   132 |   159 ||   291
       Call Imp          |       |    17 ||    17
       Blink             |       |     2 ||     2
  Use: Scroll            |     2 |     6 ||     8
 Stab: Distracted        |       |     1 ||     1
Armor: Skin              |       |     1 ||     1
Dodge: Dodged            |    34 |    41 ||    75

Table legend: (Time is in decaauts)
 A = Elapsed time spent in this place.
 B = Non-inter-level travel time spent in this place.
 C = Inter-level travel time spent in this place.
 D = Time resting spent in this place.
 E = Time spent auto-exploring this place.
 F = Levels seen in this place.
 G = Mean time per level.
                   A        B        C        D        E       F      G
               +--------+--------+--------+--------+--------+-----+--------+
         Total |   7393 |   6993 |    400 |   2704 |   3364 |   4 | 1848.2 |
       Dungeon |   7393 |   6993 |    400 |   2704 |   3364 |   4 | 1848.2 |
               +--------+--------+--------+--------+--------+-----+--------+

Top non-repeatable levels by time:
     D:3: 2696 daAuts
     D:1: 2330 daAuts
     D:4: 1655 daAuts
     D:2: 712 daAuts
